 Dungeon Crawl Stone Soup version 0.16.1-12-gf5c4a84 (webtiles) character file.

108640 Chiseanne the Nimble (level 17, -2/135 HPs)
             Began as a Human Wanderer on Apr 8, 2015.
             Was an Initiate of Gozag.
             Shot with a silver bolt by Vashnia (39 damage)
             ... on level 2 of the Snake Pit.
             The game lasted 02:24:43 (38840 turns).

Chiseanne the Nimble (Human Wanderer)              Turns: 38840, Time: 02:24:44

Health: -2/135     AC: 32    Str: 19    XL:     17   Next: 5%
Magic:  17/17      EV: 25    Int:  8    God:    Gozag
Gold:   428        SH: 14    Dex: 19    Spells: 0 memorised, 16 levels left

rFire  + . .     SeeInvis +     a - +9 flail (distort)
rCold  . . .     Clarity  .     B - +8 chain mail "Umygawae" {+Inv rPois Int-2}
rNeg   . . .     SustAb   .     G - +0 shield {reflect} {Donald}
rPois  +         Gourm    .     J - +2 helmet {SInv}
rElec  +         Spirit   .     h - +2 cloak
rCorr  .         Warding  .     s - +2 pair of gloves {Dex+3}
rMut   .         Stasis   .     x - +1 pair of boots "Zecol" {rF+ Regen+}
MR     +....                    N - amulet of faith
Stlth  ..........               E - ring "Ewug" {rElec Stlth-}
                                I - ring of Shaolin {EV+8}

@: somewhat resistant to hostile enchantments, extremely unstealthy
A: no striking features
a: Potion Petition, Call Merchant, Bribe Branch, Renounce Religion, Evoke
Invisibility


You were on level 2 of the Snake Pit.
You worshipped Gozag.
Gozag was noncommittal.
You were not hungry.

You visited 5 branches of the dungeon, and saw 31 of its levels.
You visited 1 bazaar.
You also visited: Labyrinth.

You collected 10858 gold pieces.
You spent 7763 gold pieces at shops.
You paid 2667 gold pieces to Gozag.

Inventory:

Hand weapons
 a - a +9 flail of distortion (weapon)
 A - the +4 falchion "Gaos" {vamp, +Fly rElec rF+ MR- Dex+3, unknown}
   (You found it on level 2 of the Snake Pit)

   It inflicts no extra harm, but heals its wielder somewhat when it strikes a
   living foe.
   It affects your dexterity (+3).
   It protects you from fire.
   It insulates you from electricity.
   It affects your resistance to hostile enchantments.
   It lets you fly.
Missiles
 d - 27 tomahawks
 H - 9 tomahawks of returning
 P - 8 javelins (quivered)
Armour
 b - a +3 scale mail of cold resistance
 h - a +2 cloak (worn)
 s - a +2 pair of gloves of dexterity (worn)
 x - the +1 pair of boots "Zecol" (worn) {rF+ Regen+}
   (You bought it in a shop on level 15 of the Dungeon)

   It protects you from fire.
   It increases your rate of regeneration.
 B - the +8 chain mail "Umygawae" (worn) {+Inv rPois Int-2}
   (You bought it in a shop on level 2 of the Orcish Mines)

   It affects your intelligence (-2).
   It protects you from poison.
   It lets you turn invisible.
 G - a +0 shield of reflection (worn) {Donald}
 J - a +2 helmet of see invisible (worn)
Jewellery
 t - the amulet of Eternity {rCorr rN+ Int+4}
   (You found it on level 1 of the Snake Pit)

   [amulet of resist corrosion]

   It protects you from acid and corrosion.
   It affects your intelligence (+4).
   It protects you from negative energy.
 E - the ring "Ewug" (right hand) {rElec Stlth-}
   (You bought it in a shop on level 1 of the Snake Pit)

   [ring of loudness]

   It insulates you from electricity.
   It makes you less stealthy.
 I - the ring of Shaolin (left hand) {EV+8}
   (You bought it in a shop on level 4 of the Orcish Mines)

   [ring of evasion]

   It affects your evasion (+8).
 K - an uncursed amulet of warding
 N - an amulet of faith (around neck)
 O - an uncursed ring of positive energy
 X - an uncursed amulet of resist corrosion
Magical devices
 y - a wand of hasting (8)
 z - a wand of digging (1)
 T - a wand of teleportation (1)
Scrolls
 c - 24 scrolls of teleportation
 k - 7 scrolls of immolation
 o - 6 scrolls of fear
 p - 13 scrolls of remove curse
 u - 7 scrolls of magic mapping
 v - 2 scrolls of blinking
 D - a scroll of amnesia
 F - 3 scrolls of fog
 Q - 2 scrolls of identify
 S - 2 scrolls of recharging
Potions
 e - 8 potions of restore abilities
 g - 14 potions of curing
 i - 2 potions of flight
 l - a potion of might
 m - 3 potions of haste
 n - a potion of resistance
 q - 3 potions of cancellation
 w - a potion of cure mutation
 C - a potion of ambrosia
 L - 2 potions of heal wounds
Books
 j - a book of the Warp

   Spells                             Type                      Level
   a - Recall                         Summoning/Translocation      3
   b - Control Teleport               Charms/Translocation         4
   c - Force Lance                    Conjuration/Translocation    4
   d - Phase Shift                    Translocation                5
   e - Warp Weapon                    Charms/Translocation         5
   f - Gell's Gravitas                Hexes/Translocation          5
   g - Summon Forest                  Summoning/Translocation      5
Comestibles
 f - 12 bread rations
 r - 22 meat rations
 M - 4 beef jerkies


   Skills:
 * Level 12.4 Fighting
 - Level 14.0 Maces & Flails
   Level 1.0 Bows
 - Level 1.0 Throwing
 * Level 10.9 Armour
 * Level 14.4 Dodging
 - Level 1.0 Stealth
 * Level 13.4 Shields


You had 16 spell levels left.
You didn't know any spells.

Dungeon Overview and Level Annotations

Branches:
Dungeon (15/15)            Temple (1/1) D:5            Lair (8/8) D:10
  Swamp (0/5) Lair:4       Shoals (0/5) Lair:3        Snake (3/5) Lair:6
  Slime (0/6) Lair:7          Orc (4/4) D:11            Elf (0/3) Orc:4
 Vaults (0/5) D:14         Depths (0/5) D:15

Altars:
Ashenzari
Cheibriados
Elyvilon
Fedhas
Gozag
Kikubaaqudgha
Makhleb
Okawaru
Qazlal
Ru
Trog
Xom
Beogh

Shops:
D:5 [   D:15 [   Orc:2 !*}[*(   Orc:4 %[*[=(}(=   Snake:1 ((=*   Vaults:1 [
Vaults:3 [   Depths:1 [

Portals:
Trove: D:13 (give wand of hasting (9))

Annotations:
Lair:1 exclusion: oklob plant
Lair:7 exclusion: 2 oklob plants
Snake:2 Vashnia
Abyss:1 Gastronok, Pikel, Roxanne


Message History

The naga sharpshooter shoots a bolt.
You reflect the bolt off your +0 shield of reflection {Donald}!
The bolt barely misses the naga sharpshooter.
The bolt hits Vashnia.
Vashnia gestures wildly while chanting.
Space distorts along a thin shroud covering Vashnia's body.
You hit the naga sharpshooter but do no damage.
The naga sharpshooter is devoured by a tear in reality.
Vashnia shoots a silver bolt.
The silver bolt hits you!
* * * LOW HITPOINT WARNING * * *
x2
Things that are here:
a silver bolt; 2 bolts You hit Vashnia.
Vashnia is severely wounded.
Vashnia blinks!
Things that are here:
a bolt; 4 silver bolts Vashnia shoots a silver bolt.
The silver bolt hits you!!!
You die...
Your body crumbles into a pile of gold.

..# ##.......#.#
#...###..# #.#
#...#.#.###
##.##.......## ..#
#...#...#
#..........##
........##..##
######..##...###
.....#.. ##.#
##....###.........
...#... ..# #$#
#####..... .#... #
#.# #(# ##
###..... .#.. .
#N# .# #....... #
#@###.# #.......
##ยงยง(# #)......
##### ####)).###.
#..#)#####.
...#########.#.#
#..
##.........##..)#
#..
......##....###)##
#..
#..........###.#
###
#............#.#


You could see Vashnia.

Vanquished Creatures
  A greater naga (Snake:3)
  Donald (Orc:2)
  Snorg (Lair:7)
  A minotaur (Lab)
  A fire dragon (Lair:3)
  Josephine (Orc:3)
  2 naga warriors
  6 hydras
  A centaur warrior (D:14)
  Nessos (D:12)
  A catoblepas (D:14)
  Erica (Lair:1)
  5 death yaks
  2 tengu warriors
  2 orc high priests
  4 naga sharpshooters
  An ogre mage (D:12)
  A shock serpent (Snake:3)
  Urug (Orc:3)
  An unseen horror (D:15)
  8 hill giants
  A flayed ghost (D:12)
  7 orc knights
  2 griffons
  A hornet (Lair:8)
  4 orc sorcerers
  A mana viper (shapeshifter) (D:12)
  2 wolf spiders (Lair:8)
  A mana viper (Snake:1)
  A griffon (shapeshifter) (D:14)
  2 manticores
  2 ugly things
  3 elephants (Lair:8)
  17 black mambas
  5 naga magi
  A guardian serpent (Lair:8)
  3 gargoyles
  13 spiny frogs
  A spiny frog (shapeshifter) (D:13)
  A torpor snail (Lair:8)
  4 kobold demonologists
  2 fire drakes
  A queen ant (Lair:5)
  An efreet (D:15)
  A hellwing (D:13)
  5 komodo dragons
  A jumping spider (shapeshifter) (D:15)
  4 two-headed ogres
  2 trolls
  A trapdoor spider zombie (D:12)
  13 blink frogs
  7 slime creatures
  2 deep elf magi
  A spriggan (Lair:7)
  4 ravens
  3 basilisks
  5 wraiths
  13 yaks
  A water elemental (D:15)
  5 wyverns
  A hog (shapeshifter) (D:15)
  9 hippogriffs
  A chaos spawn (D:15)
  22 nagas
  5 vampire mosquitoes (D:12)
  7 wargs
  Edmund (D:9)
  16 porcupines
  A hungry ghost (D:12)
  29 water moccasins
  2 ice beasts
  20 soldier ants (Lair:5)
  An eye of draining (D:15)
  32 orc warriors
  3 slaves
  4 spiders (Lair:8)
  2 sky beasts
  2 phantoms
  A necrophage (D:15)
  10 ogres
  2 black bears
  2 wasps (Lair:8)
  4 boggarts (D:15)
  13 centaurs
  Sigmund (D:6)
  Duvessa (D:7)
  A boring beetle (Lair:8)
  A brain worm (D:13)
  9 big kobolds
  7 crocodiles
  Blork the orc (D:5)
  A wyvern zombie (D:12)
  A gnoll sergeant (D:7)
  10 giant frogs
  2 wyvern skeletons
  A scorpion (D:6)
  5 killer bees
  7 wights
  2 goliath beetles
  Dowan (D:7)
  7 crimson imps
  2 centaur zombies (D:12)
  2 quasits
  6 electric eels
  14 hounds
  32 orc priests
  2 centaur skeletons
  2 giant frog zombies
  8 iguanas
  2 jellies
  3 giant frog skeletons
  An iron imp (D:15)
  31 orc wizards
  Natasha (twice) (D:3)
  25 sheep
  29 worker ants
  Ijyb (D:7)
  Jessica (D:2)
  A hound zombie (D:10)
  2 hound skeletons
  2 mummies (D:11)
  Robin (D:2)
  17 river rats
  3 worker ant zombies
  43 adders
  13 gnolls
  5 giant mites
  A white imp (D:15)
  A shadow imp (D:14)
  3 worms
  3 adder skeletons
  7 giant geckos
  173 orcs
  10 giant cockroaches
  28 goblins
  27 hobgoblins
  7 jackals
  29 kobolds
  18 quokkas
  2 ball pythons
  19 bats
  5 giant newts
  A giant spore (D:15)
  A quokka skeleton (D:6)
  17 rats
  12 ballistomycetes
  A bush (Lair:1)
  5 fungi
  2 plants
1057 creatures vanquished.

Vanquished Creatures (collateral kills)
  A yak (D:10)
1 creature vanquished.

Vanquished Creatures (others)
  A dire elephant (D:15)
  A yaktaur captain (D:14)
  A naga warrior (Snake:1)
  2 hydras
  A catoblepas (D:13)
  2 death yaks (Lair:5)
  3 naga sharpshooters
  3 hill giants
  An orc sorcerer (Orc:4)
  A griffon (Lair:5)
  An ugly thing (D:14)
  3 elephants (Lair:8)
  A manticore (D:15)
  5 black mambas
  A centaur zombie (D:12)
  A naga mage (Snake:2)
  A spiny frog (Lair:1)
  2 komodo dragons
  A troll (D:13)
  A raven (D:15)
  A slime creature (D:13)
  A shadow (D:14)
  5 yaks
  2 hippogriffs
  A steam dragon (D:9)
  A mottled dragon (D:12)
  A warg (Orc:4)
  3 nagas
  2 water moccasins
  An ice beast (D:6)
  A porcupine (D:10)
  3 black bears
  5 orc warriors
  A phantom (D:7)
  4 centaurs
  An ogre (D:10)
  3 crocodiles
  A big kobold (D:13)
  A giant frog (D:13)
  2 killer bees (D:7)
  An electric eel (D:15)
  A wight (D:6)
  A crimson imp (D:12)
  A goliath beetle (D:6)
  A hound (Lair:4)
  2 giant frog zombies
  4 orc priests
  A centaur skeleton (D:9)
  A gnoll shaman (D:4)
  2 iguanas
  A jelly (D:13)
  2 sheep
  4 worker ants
  2 orc wizards (D:11)
  A gnoll (D:7)
  A worm (D:2)
  3 giant mites
  4 orcs
  A hobgoblin (D:4)
  2 giant spores
  2 goblins
  2 kobolds (D:4)
  A bush (Lair:7)
  8 fungi
  15 plants
137 creatures vanquished.

Grand Total: 1195 creatures vanquished

Notes
Turn   | Place    | Note
--------------------------------------------------------------
     0 | D:1      | Chiseanne, the Human Wanderer, began the quest for the Orb.
     0 | D:1      | Chiseanne set off with: a +2 mace, a +0 hand crossbow, a scroll of teleportation, a +0 robe, 31 bolts, a bread ration
     0 | D:1      | Reached XP level 1. HP: 16/16 MP: 1/1
   409 | D:1      | Reached XP level 2. HP: 22/22 MP: 2/2
   413 | D:1      | Reached skill level 1 in Dodging
   731 | D:1      | Reached XP level 3. HP: 13/27 MP: 3/3
  1408 | D:2      | Noticed Robin
  1432 | D:2      | Killed Robin
  1434 | D:2      | Reached XP level 4. HP: 13/34 MP: 4/4
  1717 | D:2      | Noticed Jessica
  1721 | D:2      | Killed Jessica
  1888 | D:2      | Reached XP level 5. HP: 29/40 MP: 5/5
  2820 | D:2      | Found a white marble altar of Elyvilon.
  2820 | D:2      | Found a blossoming altar of Fedhas.
  3075 | D:3      | Found an ancient bone altar of Kikubaaqudgha.
  3162 | D:3      | Reached XP level 6. HP: 47/47 MP: 6/6
  3191 | D:3      | Found a burning altar of Makhleb.
  3325 | D:3      | Noticed Natasha
  3344 | D:3      | Killed Natasha
  3424 | D:3      | Reached skill level 4 in Armour
  3526 | D:3      | Noticed Natasha
  3529 | D:3      | Killed Natasha
  3641 | D:4      | Found a shimmering altar of Xom.
  3872 | D:4      | Reached XP level 7. HP: 44/52 MP: 7/7
  4515 | D:5      | Entered Level 5 of the Dungeon
  4515 | D:5      | Found a sacrificial altar of Ru.
  4707 | D:5      | Found Ojoj Nehaetz's Antique Armour Shoppe.
  4761 | D:5      | Bought a shiny scale mail for 108 gold pieces
  4774 | D:5      | Bought a glowing scale mail for 108 gold pieces
  4834 | D:5      | Noticed Blork the orc
  4839 | D:5      | Found a staircase to the Ecumenical Temple.
  4864 | D:5      | Killed Blork the orc
  4878 | Temple   | Entered the Ecumenical Temple
  4962 | D:5      | Reached skill level 5 in Armour
  5216 | D:5      | Reached XP level 8. HP: 60/60 MP: 8/8
  5339 | Temple   | Became a worshipper of Gozag Ym Sagoz the Greedy
  5701 | D:5      | Reached skill level 5 in Maces & Flails
  6064 | D:6      | Found a snail-covered altar of Cheibriados.
  6258 | D:6      | Reached skill level 6 in Maces & Flails
  6276 | D:6      | Reached skill level 5 in Dodging
  6287 | D:6      | Noticed Sigmund
  6372 | D:6      | Killed Sigmund
  6555 | D:6      | Identified a scroll of acquirement
  6627 | D:6      | Reached XP level 9. HP: 67/67 MP: 9/9
  6670 | D:6      | Reached skill level 5 in Fighting
  6920 | D:6      | Reached skill level 1 in Shields
  7089 | D:7      | Noticed Ijyb
  7094 | D:7      | Killed Ijyb
  7595 | D:7      | Found a stormy altar of Qazlal.
  7627 | D:7      | Reached skill level 7 in Maces & Flails
  8565 | D:7      | Noticed Dowan
  8570 | D:7      | Noticed Duvessa
  8574 | D:7      | Killed Duvessa
  8574 | D:7      | Reached XP level 10. HP: 76/76 MP: 10/10
  8579 | D:7      | Killed Dowan
  9481 | D:9      | Noticed Gastronok
  9565 | D:9      | Banished Gastronok
  9565 | D:9      | Reached skill level 8 in Maces & Flails
  9587 | D:9      | Noticed Pikel
  9829 | D:9      | Noticed Edmund
  9842 | D:9      | Killed Edmund
 10072 | D:9      | Found an iron altar of Okawaru.
 10095 | D:9      | Banished Pikel
 10102 | D:9      | Reached skill level 9 in Maces & Flails
 10199 | D:9      | Found Guafezuu's Magic Scroll Shoppe.
 10210 | D:9      | Bought a scroll of acquirement for 572 gold pieces
 10210 | D:9      | Bought a scroll of enchant weapon for 82 gold pieces
 10210 | D:9      | Bought a scroll of amnesia for 38 gold pieces
 10210 | D:9      | Bought a scroll of remove curse for 33 gold pieces
 10210 | D:9      | Bought a scroll of remove curse for 33 gold pieces
 10210 | D:9      | Bought a scroll of immolation for 38 gold pieces
 10210 | D:9      | Bought 3 scrolls of teleportation for 99 gold pieces
 10216 | D:9      | Got a fine plate armour
 10227 | D:9      | Identified the +2 plate armour of Guhakah {Str+2 Int+4} (You acquired it on level 9 of the Dungeon)
 10454 | D:10     | Entered Level 10 of the Dungeon
 10659 | D:10     | Reached XP level 11. HP: 81/81 MP: 11/11
 10765 | D:10     | Found a staircase to the Lair.
 11425 | D:10     | Reached skill level 10 in Maces & Flails
 11447 | D:10     | Noticed a hill giant
 11455 | D:10     | Killed a hill giant
 11769 | D:11     | Noticed a hill giant
 11780 | D:11     | Banished a hill giant
 11913 | D:11     | Found a staircase to the Orcish Mines.
 11920 | D:11     | Reached skill level 5 in Shields
 12258 | D:11     | Noticed a brown ugly thing
 12805 | D:11     | Noticed a seven-headed hydra
 12808 | D:11     | Banished a seven-headed hydra
 12950 | D:11     | Killed a brown ugly thing
 13234 | D:11     | Noticed an eight-headed hydra
 13242 | D:11     | Killed an eight-headed hydra
 13242 | D:11     | Reached XP level 12. HP: 80/87 MP: 12/12
 13741 | D:12     | Reached skill level 11 in Maces & Flails
 14037 | D:12     | Noticed Nessos
 14053 | D:12     | Killed Nessos
 14501 | D:12     | Reached skill level 10 in Armour
 14646 | D:12     | Noticed an ogre mage
 14662 | D:12     | Killed an ogre mage
 14668 | D:12     | Noticed a tengu warrior
 15274 | D:12     | Found a gateway to a bazaar.
 15325 | Bazaar   | Entered a bazaar
 15325 | Bazaar   | Found Twulinumm's Book Shop.
 15326 | Bazaar   | Found Wiuplafe's Weapon Shoppe.
 15327 | Bazaar   | Found Inumac's Assorted Antiques.
 15327 | Bazaar   | Found Dyonomou's Food Emporium.
 15607 | Bazaar   | Bought 3 scrolls of teleportation for 261 gold pieces
 15607 | Bazaar   | Bought a scroll of recharging for 275 gold pieces
 15607 | Bazaar   | Bought a potion of might for 116 gold pieces
 15612 | Bazaar   | Bought 4 fruits for 42 gold pieces
 15612 | Bazaar   | Bought a meat ration for 35 gold pieces
 15612 | Bazaar   | Bought a meat ration for 35 gold pieces
 15612 | Bazaar   | Bought 4 fruits for 42 gold pieces
 15612 | Bazaar   | Bought a meat ration for 35 gold pieces
 15612 | Bazaar   | Bought a royal jelly for 14 gold pieces
 15612 | Bazaar   | Bought a beef jerky for 10 gold pieces
 15612 | Bazaar   | Bought a meat ration for 35 gold pieces
 15612 | Bazaar   | Bought a meat ration for 35 gold pieces
 15612 | Bazaar   | Bought a bread ration for 35 gold pieces
 15656 | D:12     | Killed a tengu warrior
 15656 | D:12     | Reached skill level 12 in Maces & Flails
 15707 | D:12     | Reached XP level 13. HP: 84/93 MP: 13/13
 15710 | D:12     | Reached skill level 10 in Dodging
 15840 | D:12     | Noticed a seven-headed hydra
 15851 | D:12     | Killed a seven-headed hydra
 16912 | D:13     | Found a portal to a secret trove of treasure.
 17741 | D:14     | Identified Cigotuvi's Volume of Noxious Transformation
 17994 | D:14     | Noticed a yaktaur captain
 18447 | D:14     | Banished a yaktaur captain
 18728 | D:14     | Found a sacrificial altar of Ru.
 18837 | D:14     | Reached skill level 13 in Maces & Flails
 19079 | D:14     | Found a gate to the Vaults.
 19778 | D:15     | Entered Level 15 of the Dungeon
 19782 | D:15     | Reached XP level 14. HP: 104/104 MP: 14/14
 19832 | D:15     | Found a labyrinth entrance.
 19846 | Lab      | Entered a labyrinth
 20471 | Lab      | Got a warped robe
 20484 | Lab      | Identified Lehudib's Almanac of Arcane Weapons
 20508 | Lab      | Identified the cursed -1 robe of the Twelve Deaths {rElec rC+ MP+9 Slay-6 SInv} (You took it off a minotaur in a labyrinth)
 21307 | D:15     | Found a staircase to the Depths.
 21307 | D:15     | Noticed a dire elephant
 21330 | D:15     | Banished a dire elephant
 21638 | D:15     | Found Probewk's Antique Armour Shop.
 21680 | D:15     | Bought a pair of ichor-stained boots for 389 gold pieces
 21692 | D:15     | Identified the +1 pair of boots "Zecol" {rF+ Regen+} (You bought it in a shop on level 15 of the Dungeon)
 21695 | D:15     | Bought a pair of embroidered gloves for 184 gold pieces
 21710 | D:15     | Bought a sheer robe for 233 gold pieces
 21721 | D:15     | Identified the +1 robe "Schimoel" {rElec Int-5 Dex+5} (You bought it in a shop on level 15 of the Dungeon)
 21733 | D:15     | Bought a heavy robe for 233 gold pieces
 21746 | D:15     | Identified the cursed -3 robe of the Harp {MP-9 Int+2 Stlth+} (You bought it in a shop on level 15 of the Dungeon)
 23040 | Lair:1   | Entered Level 1 of the Lair of Beasts
 23368 | Lair:1   | Noticed Erica
 23577 | Lair:1   | Killed Erica
 23577 | Lair:1   | Reached skill level 14 in Maces & Flails
 26180 | Lair:3   | Found a staircase to the Shoals.
 26299 | Lair:3   | Got a heavily runed helmet
 26304 | Lair:3   | Got a smoking battleaxe
 26345 | Lair:3   | Identified the +2 helmet of the Catamount {rPois rCorr Str-5 Int+5 Slay-3} (You found it on level 3 of the Lair of Beasts)
 26501 | Lair:4   | Found a staircase to the Swamp.
 26552 | Lair:4   | Reached skill level 10 in Shields
 26692 | Lair:4   | Reached XP level 15. HP: 103/114 MP: 15/15
 28314 | Lair:5   | Reached skill level 10 in Fighting
 28659 | Lair:5   | Got a smoking long sword
 29017 | Lair:6   | Found a staircase to the Snake Pit.
 30238 | Lair:7   | Noticed Snorg
 30666 | Lair:7   | Killed Snorg
 30915 | Lair:7   | Found a staircase to the Slime Pits.
 31106 | Lair:8   | Entered Level 8 of the Lair of Beasts
 32537 | Lair:8   | Reached XP level 16. HP: 121/125 MP: 16/16
 32654 | Lair:8   | Paralysed by a hornet for 4 turns
 33305 | Orc:1    | Entered Level 1 of the Orcish Mines
 33902 | Orc:2    | Found Egaz's Assorted Antiques.
 33902 | Orc:2    | Found Khay's Quality Used Wands.
 33911 | Orc:2    | Found Xomarph's Assorted Antiques.
 33949 | Orc:2    | Bought a scroll of remove curse for 78 gold pieces
 33949 | Orc:2    | Bought a blowgun for 65 gold pieces
 33949 | Orc:2    | Bought a scroll of immolation for 91 gold pieces
 33989 | Orc:2    | Bought a scroll of blinking for 240 gold pieces
 33989 | Orc:2    | Bought a potion of might for 128 gold pieces
 33989 | Orc:2    | Bought a ring of strength for 64 gold pieces
 33989 | Orc:2    | Bought a scroll of enchant weapon for 240 gold pieces
 34003 | Orc:2    | Found Eghaj's Distillery.
 34006 | Orc:2    | Bought a potion of curing for 42 gold pieces
 34006 | Orc:2    | Bought a potion of restore abilities for 70 gold pieces
 34006 | Orc:2    | Bought a potion of heal wounds for 70 gold pieces
 34006 | Orc:2    | Bought a potion of restore abilities for 70 gold pieces
 34006 | Orc:2    | Bought a potion of curing for 42 gold pieces
 34006 | Orc:2    | Bought a potion of haste for 140 gold pieces
 34006 | Orc:2    | Bought a potion of curing for 42 gold pieces
 34134 | Orc:2    | Found Ghadi's Antique Armour Shoppe.
 34144 | Orc:2    | Bought a translucent chain mail for 209 gold pieces
 34144 | Orc:2    | Bought a shiny helmet for 99 gold pieces
 34163 | Orc:2    | Bought an embroidered cloak for 99 gold pieces
 34187 | Orc:2    | Identified the +8 chain mail "Umygawae" {+Inv rPois Int-2} (You bought it in a shop on level 2 of the Orcish Mines)
 34259 | Orc:2    | Found Cumurava's Weapon Boutique.
 34331 | Orc:3    | Noticed Josephine
 34541 | Orc:3    | Killed Josephine
 34689 | Orc:3    | Noticed Donald
 34771 | Orc:2    | Killed Donald
 35315 | Orc:3    | Noticed Urug
 35325 | Orc:3    | Killed Urug
 35417 | Orc:4    | Entered Level 4 of the Orcish Mines
 35465 | Orc:4    | Found Izuasm's Jewellery Shop.
 35519 | Orc:4    | Bought the ring of Shaolin {EV+8} for 1664 gold pieces
 35519 | Orc:4    | Bought a cursed ring of loudness for 58 gold pieces
 35618 | Orc:4    | Found Chiqo Mneir's Weapon Shoppe.
 35803 | Orc:4    | Found a staircase to the Elven Halls.
 35849 | Orc:4    | Found Culelan's Gadget Shoppe.
 35880 | Orc:4    | Found Adi Khuv's Armour Boutique.
 35940 | Orc:4    | Bought a +2 helmet of see invisible for 322 gold pieces
 36080 | Orc:4    | Found a roughly hewn altar of Beogh.
 36210 | Orc:4    | Found Zarhuosh's Food Shop.
 36239 | Orc:4    | Bought a slice of pizza for 18 gold pieces
 36239 | Orc:4    | Bought a royal jelly for 24 gold pieces
 36239 | Orc:4    | Bought a beef jerky for 18 gold pieces
 36239 | Orc:4    | Bought a beef jerky for 18 gold pieces
 36239 | Orc:4    | Bought a slice of pizza for 18 gold pieces
 36239 | Orc:4    | Bought a beef jerky for 18 gold pieces
 36239 | Orc:4    | Bought a slice of pizza for 18 gold pieces
 36239 | Orc:4    | Bought a beef jerky for 18 gold pieces
 36398 | Orc:4    | Found Moamn's General Store.
 36418 | Orc:4    | Found Taezaz's Antique Armour Shop.
 36473 | Orc:4    | Bought a potion of curing for 45 gold pieces
 36473 | Orc:4    | Bought a scroll of teleportation for 45 gold pieces
 36473 | Orc:4    | Bought 2 potions of curing for 90 gold pieces
 36517 | Orc:4    | Found Jefow's Antique Weapon Shop.
 36750 | Orc:4    | Found Jegaw's Jewellery Shop.
 37334 | Snake:1  | Entered Level 1 of the Snake Pit
 37334 | Snake:1  | Noticed Roxanne
 37346 | Snake:1  | Found Qitoesoi's General Store.
 37425 | Snake:1  | Found Hoop's Jewellery Boutique.
 37429 | Snake:1  | Found a bloodstained altar of Trog.
 37593 | Snake:1  | Got a twitching diamond amulet
 37614 | Snake:1  | Bought a cursed -4 ring of dexterity for 20 gold pieces
 37614 | Snake:1  | Bought a scroll of recharging for 95 gold pieces
 37707 | Snake:1  | Bought the ring "Ewug" {rElec Stlth-} for 365 gold pieces
 37785 | Snake:1  | Identified the amulet of Eternity {rCorr rN+ Int+4} (You found it on level 1 of the Snake Pit)
 37789 | Snake:1  | Found Dysem's Antique Weapon Emporium.
 37835 | Snake:1  | Found Psabud's Antique Weapon Shop.
 38025 | Snake:1  | Banished Roxanne
 38221 | Snake:3  | Noticed Vashnia
 38474 | Snake:2  | Got a transparent falchion
 38799 | Snake:3  | Reached XP level 17. HP: 126/134 MP: 17/17
 38840 | Snake:2  | Shot with a silver bolt by Vashnia

Action                   |  1- 3 |  4- 6 |  7- 9 | 10-12 | 13-15 | 16-18 || total
-------------------------+-------+-------+-------+-------+-------+-------++-------
Melee: Mace              |    82 |    60 |       |       |       |       ||   142
       Flail             |       |   121 |   385 |   749 |  1756 |   943 ||  3954
 Fire: Hand crossbow     |    16 |       |       |       |       |       ||    16
Throw: Javelin           |       |       |       |       |    11 |     3 ||    14
       Throwing net      |       |       |       |       |     1 |       ||     1
Invok: Potion Petition   |       |       |     1 |       |       |       ||     1
       Call Merchant     |       |       |       |     1 |     3 |       ||     4
Evoke: Wand              |       |       |       |     6 |     9 |     7 ||    22
  Use: Scroll            |     2 |     4 |    12 |    12 |    22 |     5 ||    57
       Potion            |       |       |     3 |     4 |     8 |     9 ||    24
 Stab: Sleeping          |       |       |     3 |     1 |     3 |       ||     7
       Distracted        |       |       |     1 |     5 |     8 |     3 ||    17
       Petrified         |       |       |       |       |     1 |       ||     1
       Invisible         |       |       |       |       |     7 |       ||     7
  Eat: Chunk             |     1 |     9 |     5 |       |       |       ||    15
       Beef jerky        |       |       |     2 |     2 |     5 |       ||     9
       Fruit             |       |       |     1 |    29 |    24 |       ||    54
       Pizza             |       |       |     1 |       |     3 |     3 ||     7
       Bread ration      |       |       |     1 |     1 |     3 |     2 ||     7
       Royal jelly       |       |       |       |     1 |     5 |     1 ||     7
